 Dungeon Crawl Stone Soup version 0.28.0 (webtiles) character file.

Game seed: 16477942141889348085

2184 bande the Chopper (level 9, -3/54 HPs)
             Began as a Gargoyle Fighter on Feb 6, 2022.
             Was a Believer of Okawaru.
             Slain by a sixfirhy (6 damage)
             ... on level 1 of the Abyss.
             The game lasted 00:12:28 (8931 turns).

bande the Chopper (Gargoyle Fighter)                Turns: 8931, Time: 00:12:29

Health: -3/54      AC: 16    Str: 21    XL:     9   Next: 33%
Magic:  12/12      EV: 11    Int:  8    God:    Okawaru [**....]
Gold:   272        SH: 10    Dex: 13    Spells: 8/8 levels left

rFire   + . .      SeeInvis .   a - +1 war axe (venom)
rCold   . . .      Faith    .   c - +0 buckler
rNeg    + . .      Spirit   .   g - +0 chain mail
rPois   ∞          Reflect  +   (no helmet)
rElec   +          Harm     .   (no cloak)
rCorr   .          Rampage  .   (no gloves)
Will    .....      Rage     3%  (no boots)
Stlth   ..........              o - amulet of reflection
HPRegen 0.00/turn               k - ring of protection from fire
MPRegen 0.13/turn               m - +4 ring of evasion

@: inhibited regen
A: sickness immunity, AC +6, negative energy resistance 1, electricity
resistance, torment resistance 1, petrification resistance, inhibited
regeneration, wild magic 1, [berserk 2]
a: Renounce Religion, Heroism


You were on level 1 of the Abyss.
You worshipped Okawaru.
Okawaru was pleased with you.
You visited 1 branch of the dungeon, and saw 8 of its levels.
You visited the Abyss 1 time.

You collected 284 gold pieces.
You spent 12 gold pieces at shops.

Inventory:

Hand Weapons
 a - a +1 war axe of venom (weapon)
 f - a +1 flail of protection
Armour
 c - a +0 buckler (worn)
 g - a +0 chain mail (worn)
 l - an orb of light
Jewellery
 k - a ring of protection from fire (left hand)
 m - a +4 ring of evasion (right hand)
 o - an amulet of reflection (around neck)
Wands
 p - a wand of iceblast (9)
Scrolls
 b - 2 scrolls of teleportation
 j - 5 scrolls of fog
 n - a scroll of fear
Potions
 d - 2 potions of might
 e - 2 potions of heal wounds
 h - 3 potions of curing
 i - a potion of berserk rage {unknown}


   Skills:
 + Level 5.4 Fighting
 + Level 7.3 Axes
 + Level 6.9 Armour
 - Level 0.5 Stealth
 + Level 5.1 Shields
 * Level 4.2 Invocations
 * Level 2.0 Evocations


You had 8 spell levels left.
You didn't know any spells.
Your spell library contained the following spells:

 Spells                   Type           Power      Damage    Failure   Level
 Beastly Appendage        Tmut           0%         N/A       99%         1
 Pain                     Necr           0%         1d4       99%         1
 Wereblood                Tmut           0%         N/A       100%        2
 Confusing Touch          Hex            0%         N/A       100%        3
 Ozocubu's Armour         Ice            0%         N/A       100%        3
 Spider Form              Tmut/Pois      0%         N/A       100%        3
 Agony                    Necr           0%         N/A       100%        5
 Blade Hands              Tmut           0%         N/A       100%        5
 Excruciating Wounds      Necr           0%         N/A       100%        5
 Metabolic Englaciation   Hex/Ice        0%         N/A       100%        5
 Yara's Violent Unravell  Hex/Tmut       0%         3d3       100%        5
 Iron Shot                Conj/Erth      0%         9d1       100%        6
 Enfeeble                 Hex            0%         N/A       100%        7
 Animate Armour           Summ/Erth      Unusable   N/A       N/A         4
 Simulacrum               Ice/Necr       Unusable   N/A       N/A         6

Dungeon Overview and Level Annotations

Branches:
Dungeon (7/15)
 Temple: D:4-7

Altars:
Ashenzari
Fedhas
Nemelex Xobeh
Okawaru
Qazlal
Uskayaw
Xom
Yredelemnul
Zin

Shops:
D:2 !

Annotations:
D:9 Psyche


Innate Abilities, Weirdness & Mutations

You are immune to sickness and miasma.
Your stone body is resilient. (AC +6)
You are immune to poison.
You resist negative energy. (rN+)
You are resistant to electric shocks. (rElec)
You are resistant to unholy torment.
You are immune to petrification.
You do not regenerate when monsters are visible.
Your spells are a little harder to cast, but a little more powerful.
[You often lose your temper in combat.]


Message History

The sixfirhy hits you but does no damage.
The sixfirhy hits you. The sixfirhy shocks you. You resist.
You are too injured to fight recklessly!
You are too injured to fight recklessly!
You are too injured to fight recklessly!
Unknown command.
You closely miss the sixfirhy. You barely miss the wretched star.
You miss the sixfirhy.
You hit the wretched star but do no damage.
A starcursed mass comes into view.
Unknown command.
You closely miss the sixfirhy. You slash the wretched star!
The sixfirhy hits you but does no damage. x3
You block the sixfirhy's attack.
A starcursed mass splits.
Unknown command.
You slash the sixfirhy!
The sixfirhy is moderately wounded.
You closely miss the wretched star. The sixfirhy barely misses you.
The sixfirhy hits you but does no damage. x2
The sixfirhy misses you.
A starcursed mass splits.
Unknown command.
You miss the sixfirhy.
The sixfirhy is moderately wounded.
You hit the wretched star.
A starcursed mass splits.
Unknown command.
A starcursed mass splits.
The wretched star glows turbulently.
The lance of force hits you!
* * * LOW HITPOINT WARNING * * *
You are knocked back by the lance of force.
You slam into the rock wall!
* * * LOW HITPOINT WARNING * * *
The sixfirhy closely misses you. You block the sixfirhy's attack.
The sixfirhy completely misses you. You block the sixfirhy's attack. x2
The thrashing horror roars!
The wretched star glows turbulently.
The lance of force misses you.
A starcursed mass splits.
The sixfirhy hits you.
You die...

#...........X... .
≈≈##........X..8....
#≈#........XX... #
#≈.....#X...#......
##..###..#####.. ...
##...##*.### .. .#.
##..........#.. ..#
. .#......3X....8..
...
.'.....@≈##.......
.. ##.......#
.§≈...... .
##........ ≈.≈≈≈≈
##....♣≈≈♣≈≈≈≈≈≈
##...≈≈≈≈≈≈≈≈≈≈
##'#≈≈≈♣≈≈≈≈≈ ##
.##.### .# #.


You could see 3 starcursed masses, a wretched star, a thrashing horror and a
sixfirhy.

Vanquished Creatures
  A troll (D:9)
  2 sky beasts
  2 ice beasts (D:6)
  A centaur (D:6)
  6 scorpions (D:6)
  A water moccasin zombie (D:5)
  4 killer bees
  4 hounds
  2 centaur zombies
  An orc priest (D:6)
  A centaur skeleton (D:5)
  An iguana (D:4)
  5 orc wizards
  2 hound skeletons
  2 howler monkey zombies
  A howler monkey skeleton (D:5)
  6 adders
  An ufetubus (D:4)
  2 worms
  A dart slug (D:2)
  15 orcs
  7 bats
  13 endoplasms
  4 giant cockroaches
  3 hobgoblins
  8 jackals
  3 quokkas
  8 ball pythons
  A frilled lizard (D:1)
  9 goblins
  14 kobolds
  9 rats
140 creatures vanquished.

Vanquished Creatures (others)
  3 fungi (D:6)
3 creatures vanquished.

Grand Total: 143 creatures vanquished

Notes
Turn   | Place    | Note
-------+----------+-------------------------------------------
     0 | D:1      | bande the Gargoyle Fighter began the quest for the Orb.
     0 | D:1      | Reached XP level 1. HP: 14/14 MP: 1/1
   432 | D:1      | Reached XP level 2. HP: 19/19 MP: 2/2
  1123 | D:1      | Reached skill level 2 in Axes
  1546 | D:1      | Reached XP level 3. HP: 23/23 MP: 3/3
  1806 | D:1      | Found a faded altar of an unknown god.
  2409 | D:2      | Reached XP level 4. HP: 18/28 MP: 4/4
  2766 | D:2      | Found Uziozoc's Distillery.
  2777 | D:2      | Bought a potion of degeneration for 12 gold pieces
  3006 | D:3      | Reached skill level 3 in Axes
  3164 | D:3      | Reached XP level 5. HP: 25/33 MP: 5/5
  3628 | D:3      | Noticed a sky beast
  3640 | D:3      | Killed a sky beast
  3641 | D:3      | Reached skill level 4 in Axes
  3641 | D:3      | Reached XP level 6. HP: 16/38 MP: 6/6
  4146 | D:3      | Gained mutation: Your spells are a little harder to cast,
                  | but a little more powerful. [potion of mutation]
  4146 | D:3      | Gained mutation: You do not regenerate when monsters are
                  | visible. [potion of mutation]
  5265 | D:4      | Noticed a +0 hand axe
  5265 | D:4      | Noticed a +0 dagger
  5266 | D:4      | Found a hide-covered altar of Uskayaw.
  5418 | D:4      | Reached XP level 7. HP: 44/44 MP: 7/7
  5429 | D:4      | Reached skill level 5 in Armour
  5803 | D:4      | Found a sparkling altar of Nemelex Xobeh.
  5803 | D:4      | Found a blossoming altar of Fedhas.
  5809 | D:4      | Found a basalt altar of Yredelemnul.
  5816 | D:4      | Reached skill level 5 in Axes
  5816 | D:4      | Found a broken altar of Ashenzari.
  5824 | D:4      | Found an iron altar of Okawaru.
  5828 | D:4      | Found a stormy altar of Qazlal.
  5831 | D:4      | Became a worshipper of Warmaster Okawaru
  6288 | D:5      | Entered Level 5 of the Dungeon
  6564 | D:5      | Reached skill level 1 in Invocations
  6631 | D:5      | Found a glowing silver altar of Zin.
  6631 | D:5      | Found a shimmering altar of Xom.
  6631 | D:5      | Noticed an angel
  6667 | D:5      | Reached skill level 6 in Axes
  6667 | D:5      | Reached XP level 8. HP: 24/48 MP: 7/9
  7077 | D:5      | Reached skill level 5 in Fighting
  7088 | D:5      | Reached * piety under Okawaru
  8576 | D:6      | Reached skill level 7 in Axes
  8631 | D:6      | Reached skill level 1 in Evocations
  8631 | D:6      | Reached XP level 9. HP: 54/54 MP: 11/11
  8632 | D:6      | Found the +7 Singing Sword {vorpal, sonic wave}
  8701 | D:6      | Reached ** piety under Okawaru
  8747 | D:6      | Reached skill level 5 in Shields
  8769 | D:6      | You fall into a shaft and drop 3 floors!
  8769 | D:9      | Noticed a troll
  8777 | D:9      | Killed a troll
  8866 | D:9      | Noticed Psyche
  8868 | D:9      | Found a faded altar of an unknown god.
  8883 | D:9      | Cast into level 1 of the Abyss (Psyche)
  8910 | Abyss:1  | Noticed a wretched star
  8917 | Abyss:1  | Noticed a sixfirhy
  8922 | Abyss:1  | Noticed a starcursed mass
  8929 | Abyss:1  | Noticed a thrashing horror
  8931 | Abyss:1  | Slain by a sixfirhy

Illustrated notes

Levels and vault maps discovered:
D:1:      dpeg_arrival_stonehenge_12_columns, layout_loops_corners,
          dreamdust_ecumenical_altar_angels_and_demons, minmay_misc_feat_chi,
          hangedman_feature_mirror, serial_bayou_ford_a, minmay_pentomino_r2
D:2:      layout_basic, serial_shops, shop, minmay_surrounded
D:3:      layout_basic
D:4:      layout_basic, dancing_weapons_uskayaw,
          nicolae_overflow_hallway_of_the_gods
D:5:      layout_loops_cross, grunt_temple_overflow_order_and_chaos_1
D:6:      old_forge, layout_basic, minmay_temple_entry_drinking_statues,
          serial_shops, nicolae_take_the_stairs
D:7:      layout_basic, grunt_temple_overflow_open, serial_shops,
          nicolae_diamond_shop, chequers_serial_rivers_small_a
D:9:      layout_cave_pools, nicolae_ru_sacrificial_ziggurat,
          serial_column_ruins, column_ruins_temple_hall,
          column_ruins_circle_small, column_ruins_columns_straight,
          column_ruins_grid_1, column_ruins_grid_1,
          column_ruins_corridor_straight, column_ruins_open_tiny_water,
          small_statue_intersection, minmay_quadrilaterals, uniq_grum,
          uniq_pikel, uniq_psyche, uniq_maurice
Abyss:1:  base:
D:1

Skill      XL: |  1  2  3  4  5  6  7  8  9 |
---------------+----------------------------+-----
Axes           | 2 3 4 6 7 |  7.3
Armour         | 4 5 6 |  6.9
Fighting       | 4 5 |  5.4
Shields        | 4 5 |  5.1
Invocations    | 2 3 4 |  4.2
Evocations     | 1 2 |  2.0
Stealth        | |  0.5

Action                   |  1- 3 |  4- 6 |  7- 9 || total
-------------------------+-------+-------+-------++-------
Melee: War axe           |   160 |   172 |   176 ||   508
  Use: Scroll            |     2 |     5 |     1 ||     8
       Potion            |       |     2 |       ||     2
Armor: Scale mail        |    77 |       |       ||    77
       Chain mail        |    30 |   126 |   134 ||   290
Dodge: Dodged            |    79 |    44 |   110 ||   233
Block: Buckler           |    35 |    32 |    78 ||   145
       Reflection        |       |       |     2 ||     2
